 Dungeon Crawl Stone Soup version 0.29.1-1-gd02db6906a (webtiles) character file.

Game seed: 18258967649253134802

72 MaliaHosaka the Twirler (level 4, 0/33 HPs)
             Began as a Human Gladiator on Oct 16, 2022.
             Slain by a jackal (1 damage)
             ... on level 5 of the Dungeon.
             The game lasted 00:02:24 (464 turns).

MaliaHosaka the Twirler (Human Gladiator)            Turns: 464, Time: 00:02:25

Health: 0/33       AC:  4    Str: 15    XL:     4   Next: 50%
Magic:  2/5        EV: 12    Int: 10    God:
Gold:   38         SH:  0    Dex: 14    Spells: 4/4 levels left

rFire   . . .      SeeInvis .   a - +0 quarterstaff
rCold   . . .      Faith    .   (shield currently unavailable)
rNeg    . . .      Spirit   .   b - +0 leather armour
rPois   .          Reflect  .   c - +0 helmet
rElec   .          Harm     .   (no cloak)
rCorr   .          Rampage  .   (no gloves)
Will    .....                   (no boots)
Stlth   +.........              (no amulet)
HPRegen 0.11/turn               (no ring)
MPRegen 0.09/turn               (no ring)

@: no status effects
A: no striking features
a: no special abilities


You were on level 5 of the Dungeon.
You visited 1 branch of the dungeon, and saw 5 of its levels.

You collected 38 gold pieces.

Inventory:

Hand Weapons
 a - a +0 quarterstaff (weapon)
Missiles
 d - 3 throwing nets
 e - 4 javelins (quivered)
Armour
 b - a +0 leather armour (worn)
 c - a +0 helmet (worn)


   Skills:
 * Level 2.2 Fighting
 * Level 0.7(2.4) Polearms
 * Level 3.6(3.7) Staves
 * Level 2.3 Throwing
 * Level 0.7 Armour
 * Level 3.4 Dodging
 * Level 0.9 Stealth
 * Level 0.8 Spellcasting


You had 4 spell levels left.
You didn't know any spells.
Your spell library was empty.

Dungeon Overview and Level Annotations

Branches:
Dungeon (5/15)
 Temple: D:4-7

Altars:


Message History

A magic dart appears from out of thin air!
Deactivating autopickup; reactivate with Ctrl-A.
The magic dart hits you! The iguana barely misses you.
You closely miss something. Something hits you but does no damage.
The iguana closely misses you.
You hit the jackal but do no damage. Something barely misses you.
The iguana closely misses you.
The jackal bites you but does no damage.
Something hits you but does no damage.
An iguana comes into view.
The iguana bites you.
You closely miss the jackal. The jackal closely misses you.
The jackal bites you but does no damage.
Something hits you but does no damage. The iguana bites you!
* * * LOW HITPOINT WARNING * * *
You hit the jackal.
The jackal is almost dead.
The jackal barely misses you. Something hits you but does no damage.
The iguana barely misses you.
The jackal bites you but does no damage.
It was a potion of curing.
You feel better. The jackal bites you. Something hits you.
* * * LOW HITPOINT WARNING * * *
The iguana closely misses you.
Unknown command.
You closely miss something. The jackal barely misses you.
Something hits you but does no damage.
An orc priest comes into view. It is wielding a +0 hand axe.
The iguana barely misses you.
You barely miss something. The jackal bites you.
* * * LOW HITPOINT WARNING * * *
The jackal misses you.
An orc comes into view. It is wielding a +0 mace.
You hear some strange, mumbled words.
A magic dart appears from out of thin air!
The magic dart hits you.
* * * LOW HITPOINT WARNING * * *
The iguana misses you.
You miss something. The jackal bites you.
You die...

##########......
###...#...#.......
#..........#...#
#..#..#.#....#
#.##.#####.#.##
###..# ##..######
#...# #...#.....
##########...l#
#......{@#
#...#...#h# ###
###.#h# #..l#
##..# #...# #...o#
#..o.(# ........


You could see 2 iguanas, an orc priest, an orc and 2 jackals.

Vanquished Creatures
  A howler monkey (D:5)
  An orc wizard (D:5)
  A worm (D:5)
  An orc (D:5)
  An endoplasm (D:1)
  A kobold (D:4)
  A quokka (D:1)
  A ball python (D:3)
  A rat (D:1)
9 creatures vanquished.

Notes
Turn   | Place    | Note
-------+----------+-------------------------------------------
     0 | D:1      | MaliaHosaka the Human Gladiator began the quest for the
                  | Orb.
     0 | D:1      | Reached XP level 1. HP: 16/16 MP: 1/1
   383 | D:4      | Noticed a necrophage
   389 | D:5      | Entered Level 5 of the Dungeon
   406 | D:5      | Reached XP level 2. HP: 19/22 MP: 2/2
   440 | D:5      | Noticed a howler monkey
   455 | D:5      | Killed a howler monkey
   456 | D:5      | Reached XP level 3. HP: 21/27 MP: 2/4
   456 | D:5      | Reached XP level 4. HP: 26/33 MP: 2/5
   463 | D:5      | HP: 1/33 [something/magic dart (5)]
   464 | D:5      | Slain by a jackal

Illustrated notes

Levels and vault maps discovered:
D:1:      dpeg_arrival_orchard, layout_loops_ring
D:2:      layout_basic, uniq_sigmund
D:3:      layout_rooms, demons_altar, zin_scriptorium,
          hellmonk_ecumenical_altar_inner_sanctum, dilly_guarded_unrand_morg
D:4:      layout_cave_pools, mainiacjoe_overflow_24_doors
D:5:      layout_layer_cave, lemuel_tele_altar, minmay_temple_entry_junction_2,
          chequers_ossuary_entry_cave

Action                   |  1- 3 |  4- 6 || total
-------------------------+-------+-------++-------
Melee: Quarterstaff      |    35 |     8 ||    43
Throw: Javelin           |     4 |       ||     4
       Throwing net      |     1 |       ||     1
  Use: Scroll            |     2 |       ||     2
       Potion            |       |     1 ||     1
 Stab: Held in net/web   |     4 |       ||     4
Armor: Leather armour    |     6 |     8 ||    14
Dodge: Dodged            |    25 |    12 ||    37
